 Dungeon Crawl Stone Soup version 0.28-a0-1387-g3a22ab9bdc (webtiles) character file.

Game seed: 5432937112391776305

642 Gargoyl the Skirmisher (level 7, -14/60 HPs)
             Began as a Gnoll Abyssal Knight on Jan 2, 2022.
             Was a Believer of Lugonu.
             Killed from afar by an acid dragon (27 damage)
             ... with a splash of acid
             ... on level 5 of the Dungeon.
             The game lasted 00:05:41 (3998 turns).

Gargoyl the Skirmisher (Gnoll Abyssal Knight)       Turns: 3998, Time: 00:05:42

Health: -14/60     AC:  8    Str: 14    XL:     7   Next: 51%
Magic:  11/11      EV:  7    Int: 10    God:    Lugonu [**....]
Gold:   1252       SH:  0    Dex: 12    Spells: 11/11 levels left

rFire   . . .      SeeInvis .   i - +5 quarterstaff (chaos)
rCold   + . .      Faith    .   (shield currently unavailable)
rNeg    . . .      Spirit   .   s - +0 chain mail
rPois   .          Reflect  .   (no helmet)
rElec   .          Harm     .   c - +0 cloak
rCorr   .          Rampage  .   k - +0 pair of gloves
Will    .....                   (no boots)
Stlth   ..........              (no amulet)
HPRegen 0.20/turn               f - ring of protection from cold
MPRegen 0.12/turn               (no ring)

@: corroded
A: fangs 1, strong nose, distributed training
a: Renounce Religion, Depart the Abyss, Bend Space


You were on level 5 of the Dungeon.
You worshipped Lugonu.
Lugonu was pleased with you.
You visited 1 branch of the dungeon, and saw 5 of its levels.
You visited the Abyss 1 time.

You collected 1252 gold pieces.

Inventory:

Hand Weapons
 a - a +1 hand axe
 g - a +0 war axe of freezing
 i - a +5 quarterstaff of chaos (weapon)
Armour
 c - a +0 cloak (worn)
 k - a +0 pair of gloves (worn)
 s - a +0 chain mail (worn)
Jewellery
 f - a ring of protection from cold (left hand)
Scrolls
 e - 2 scrolls of fog
 l - a scroll of identify
Potions
 b - 2 potions of curing {unknown}
 d - a potion of resistance {unknown}
 h - a potion of brilliance {unknown}
 j - a potion of haste
 m - 3 potions of lignification
 n - a potion of cancellation {unknown}
 o - a potion of berserk rage
 p - a potion of mutation {unknown}
 r - a potion of attraction {unknown}


   Skills:
 + Level 7.0 Fighting
 + Level 2.5 Short Blades
 + Level 2.5 Long Blades
 + Level 5.2 Axes
 + Level 2.5 Maces & Flails
 + Level 2.5 Polearms
 + Level 2.5 Staves
 + Level 2.5 Slings
 + Level 2.5 Bows
 + Level 2.5 Crossbows
 + Level 2.5 Throwing
 + Level 5.2 Armour
 + Level 3.6 Dodging
 + Level 2.5 Stealth
 + Level 2.5 Shields
 + Level 2.5 Unarmed Combat
 + Level 2.5 Spellcasting
 + Level 2.0 Conjurations
 + Level 2.0 Hexes
 + Level 2.0 Summonings
 + Level 2.0 Necromancy
 + Level 2.0 Translocations
 + Level 2.0 Transmutations
 + Level 2.0 Fire Magic
 + Level 2.0 Ice Magic
 + Level 2.0 Air Magic
 + Level 2.0 Earth Magic
 + Level 2.0 Poison Magic
 + Level 5.4 Invocations
 + Level 2.5 Evocations


You had 11 spell levels left.
You didn't know any spells.
Your spell library contained the following spells:

 Spells                   Type           Power      Damage    Failure   Level
 Freeze                   Ice            20%        1d4       95%         1
 Magic Dart               Conj           20%        1d4       95%         1
 Searing Ray              Conj           10%        2d4       98%         2
 Static Discharge         Conj/Air       5%         N/A       98%         2
 Confusing Touch          Hex            5%         N/A       100%        3
 Frozen Ramparts          Ice            10%        1d3       100%        3
 Dispel Undead            Necr           5%         3d7       100%        4
 Fulminant Prism          Conj/Hex       2%         3d6       100%        4
 Hailstorm                Conj/Ice       5%         3d4       100%        4
 Sticky Flame             Conj/Fire      5%         2d3       100%        4
 Yara's Violent Unravell  Hex/Tmut       2%         3d3       100%        5
 Enfeeble                 Hex            2%         N/A       100%        7


Dungeon Overview and Level Annotations

Branches:
Dungeon (5/15)
 Temple: D:4-7

Altars:


Innate Abilities, Weirdness & Mutations

You have very sharp teeth.
Your uncanny sense of smell can sniff out nearby items.
Your experience applies equally to all skills.


Message History

You destroy the phantom!
Lugonu accepts your kill.
An acid dragon comes into view.
You see here 18 stones.
An acid dragon is nearby!
An acid dragon is nearby!
An acid dragon is nearby!
An acid dragon is nearby!
The acid dragon roars!
You hear a shout!
The acid dragon spits acid at you. The splash of acid hits you.
A gnoll sergeant comes into view. It is wielding a +0 trident.
The acid dragon spits acid at you. The splash of acid hits you!!
The acid corrodes you!
A bullfrog skeleton comes into view.
You hear a shout! x2
You hit the acid dragon.
Space warps horribly around the acid dragon!
The acid dragon is heavily wounded.
The acid dragon bites you. The acid dragon claws you.
You hit the acid dragon but do no damage.
The acid dragon is heavily wounded.
The acid dragon bites you but does no damage.
The acid dragon claws you.
Your chain mail prevents you from hitting the acid dragon.
Your bite misses the acid dragon.
The acid dragon is heavily wounded.
The acid dragon bites you.
The acid dragon claws you but does no damage.
The gnoll sergeant hits you from afar with a +0 trident.
The acid dragon bites you.
The acid dragon claws you but does no damage.
You thump the acid dragon! Your bite misses the acid dragon.
The acid dragon is severely wounded.
A gnoll comes into view. It is wielding a +0 flail.
The gnoll sergeant hits you from afar with a +0 trident!
* * * LOW HITPOINT WARNING * * *
The acid dragon spits acid at you. The splash of acid hits you!!
You die...

#################
g...$..........$.
.......gD@.Z###
∆#.#########...## .
#.# ###(.########..
#.# ##........... #.#
####........ #.#
###........ #.#
###########...#######
#<# .............##
##.# .######.######


You could see an acid dragon (catching breath), a gnoll sergeant, a gnoll and a
bullfrog skeleton.

Vanquished Creatures
  4 phantoms
  A water moccasin skeleton (D:4)
  An orc priest (D:4)
  Crazy Yiuf (D:2)
  A centaur skeleton (D:5)
  An iguana (D:4)
  An orc wizard (D:4)
  7 adders
  3 gnolls (D:4)
  An adder skeleton (D:4)
  4 dart slugs
  4 orcs (D:4)
  6 endoplasms
  6 giant cockroaches
  4 goblins
  3 hobgoblins
  4 kobolds
  A quokka (D:4)
  4 ball pythons
  6 bats
  6 frilled lizards
  3 rats
72 creatures vanquished.

Notes
Turn   | Place    | Note
-------+----------+-------------------------------------------
     0 | Abyss:1  | Gargoyl the Gnoll Abyssal Knight began the quest for the
                  | Orb.
     0 | Abyss:1  | Reached XP level 1. HP: 23/23 MP: 3/3
   100 | Abyss:2  | Noticed a glowing orange brain
   112 | Abyss:2  | Noticed a small abomination
   112 | Abyss:2  | Noticed a thrashing horror
   112 | Abyss:2  | Noticed a thrashing horror
   114 | D:1      | Escaped the Abyss
   498 | D:1      | Reached XP level 2. HP: 25/29 MP: 5/5
   742 | D:1      | Reached * piety under Lugonu
  1041 | D:2      | Reached XP level 3. HP: 29/35 MP: 6/6
  1048 | D:2      | Identified the +7 hunting sling of Cowardice {flame, rPois}
  1338 | D:2      | Reached skill level 1 in Short Blades
  1338 | D:2      | Reached skill level 1 in Long Blades
  1338 | D:2      | Reached skill level 1 in Maces & Flails
  1338 | D:2      | Reached skill level 1 in Polearms
  1338 | D:2      | Reached skill level 1 in Staves
  1338 | D:2      | Reached skill level 1 in Slings
  1338 | D:2      | Reached skill level 1 in Bows
  1338 | D:2      | Reached skill level 1 in Crossbows
  1338 | D:2      | Reached skill level 1 in Throwing
  1338 | D:2      | Reached skill level 1 in Stealth
  1338 | D:2      | Reached skill level 1 in Shields
  1338 | D:2      | Reached skill level 1 in Unarmed Combat
  1338 | D:2      | Reached skill level 1 in Spellcasting
  1338 | D:2      | Reached skill level 1 in Evocations
  1483 | D:2      | Found a runed translucent door.
  1484 | D:2      | Noticed Crazy Yiuf
  1504 | D:2      | Killed Crazy Yiuf
  1505 | D:2      | Reached XP level 4. HP: 20/41 MP: 7/7
  1715 | D:2      | Reached skill level 1 in Conjurations
  1715 | D:2      | Reached skill level 1 in Hexes
  1715 | D:2      | Reached skill level 1 in Summonings
  1715 | D:2      | Reached skill level 1 in Necromancy
  1715 | D:2      | Reached skill level 1 in Translocations
  1715 | D:2      | Reached skill level 1 in Transmutations
  1715 | D:2      | Reached skill level 1 in Fire Magic
  1715 | D:2      | Reached skill level 1 in Ice Magic
  1715 | D:2      | Reached skill level 1 in Air Magic
  1715 | D:2      | Reached skill level 1 in Earth Magic
  1715 | D:2      | Reached skill level 1 in Poison Magic
  1764 | D:2      | Found a faded altar of an unknown god.
  1968 | D:3      | Reached XP level 5. HP: 35/47 MP: 8/8
  2843 | D:4      | Reached ** piety under Lugonu
  3096 | D:4      | Noticed a phantom
  3109 | D:4      | Killed a phantom
  3110 | D:4      | Reached skill level 5 in Invocations
  3110 | D:4      | Reached XP level 6. HP: 13/53 MP: 9/9
  3124 | D:4      | Reached skill level 5 in Axes
  3124 | D:4      | Reached skill level 5 in Armour
  3482 | D:4      | Reached XP level 7. HP: 46/59 MP: 10/10
  3867 | D:5      | Entered Level 5 of the Dungeon
  3875 | D:5      | Reached skill level 7 in Fighting
  3882 | D:5      | Identified a scroll of acquirement
  3882 | D:5      | Acquired 946 gold pieces
  3998 | D:5      | Killed from afar by an acid dragon

Illustrated notes

Levels and vault maps discovered:
D:1:      sevenhm_arrival_forest_fort_large_2, layout_rooms, minmay_tromino_v4_a
D:2:      layout_basic, hellmonk_ecumenical_altar_inner_sanctum,
          uniq_crazy_yiuf_cottage
D:3:      layout_basic, minivault_27, minmay_splitting_lines
D:4:      layout_rooms
D:5:      layout_rooms, overflow_temple_1_default, serial_shops,
          kennysheep_mini_moat, kennysheep_small_spiral

Skill      XL: |  1  2  3  4  5  6  7 |
---------------+----------------------+-----
Short Blades   | 1 2 |  2.5
Long Blades    | 1 2 |  2.5
Maces & Flails | 1 2 |  2.5
Polearms       | 1 2 |  2.5
Staves         | 1 2 |  2.5
Slings         | 1 2 |  2.5
Bows           | 1 2 |  2.5
Crossbows      | 1 2 |  2.5
Throwing       | 1 2 |  2.5
Stealth        | 1 2 |  2.5
Shields        | 1 2 |  2.5
Unarmed Combat | 1 2 |  2.5
Spellcasting   | 1 2 |  2.5
Evocations     | 1 2 |  2.5
Conjurations   | 1 2 |  2.0
Hexes          | 1 2 |  2.0
Summonings     | 1 2 |  2.0
Necromancy     | 1 2 |  2.0
Translocations | 1 2 |  2.0
Transmutations | 1 2 |  2.0
Fire Magic     | 1 2 |  2.0
Ice Magic      | 1 2 |  2.0
Air Magic      | 1 2 |  2.0
Earth Magic    | 1 2 |  2.0
Poison Magic   | 1 2 |  2.0
Dodging        | 3 |  3.6
Invocations    | 5 |  5.4
Axes           | 5 |  5.2
Armour         | 5 |  5.2
Fighting       | 7 |  7.0

Action                   |  1- 3 |  4- 6 |  7- 9 || total
-------------------------+-------+-------+-------++-------
Melee: Hand axe          |    66 |       |       ||    66
       Bite              |     8 |     6 |     1 ||    15
       Trident           |    21 |       |       ||    21
       Quarterstaff      |       |    96 |    26 ||   122
 Fire: Hunting sling     |    25 |       |       ||    25
Invok: Depart the Abyss  |     1 |       |       ||     1
  Use: Scroll            |       |     7 |     3 ||    10
       Potion            |       |     4 |       ||     4
 Stab: Petrifying        |       |     1 |       ||     1
Armor: Leather armour    |     7 |       |       ||     7
       Ring mail         |    24 |       |       ||    24
       Chain mail        |     8 |    71 |    19 ||    98
       Skin              |       |    25 |       ||    25
Dodge: Dodged            |    87 |    45 |    14 ||   146

Table legend: (Time is in decaauts)
 A = Elapsed time spent in this place.
 B = Non-inter-level travel time spent in this place.
 C = Inter-level travel time spent in this place.
 D = Time resting spent in this place.
 E = Time spent auto-exploring this place.
 F = Levels seen in this place.
 G = Mean time per level.
                   A        B        C        D        E       F      G
               +--------+--------+--------+--------+--------+-----+--------+
         Total |   4020 |   3886 |    134 |     40 |   3126 |   7 |  574.3 |
       Dungeon |   3906 |   3772 |    134 |     40 |   3063 |   5 |  781.2 |
         Abyss |    114 |    114 |      0 |      0 |     63 |   2 |   57.0 |
               +--------+--------+--------+--------+--------+-----+--------+

Top non-repeatable levels by time:
     D:4: 1063 daAuts
     D:3: 1040 daAuts
     D:1: 959 daAuts
     D:2: 707 daAuts
     D:5: 134 daAuts
 Abyss:2: 85 daAuts
 Abyss:1: 29 daAuts
